BSA
HENDERSONVILLE HITMEN @ MAUI TROPICS
07/04/2026
 
TOP OF THE 1ST
Hendersonville Hitmen batting - Pitching for Maui Tropics : RHP Júlio González
Pitching: RHP Júlio González
Batting: RHB Eduardo García 0-0: Ball
1-0: Ball
2-0: Ball
3-0: Base on Balls
Batting: LHB Lorenzo Quintanilla 0-0: Called Strike
0-1: Ball
1-1: Ball
2-1: DOUBLE (Line Drive, 78M)
Eduardo García to third
Batting: RHB Manolo Román 0-0: Ball
1-0: Ball
Wild Pitch!
Eduardo García scores
Lorenzo Quintanilla to third
2-0: Called Strike
2-1: Ball
3-1: Base on Balls
Batting: LHB Tony Abete 0-0: Swinging Strike
0-1: Foul Ball, location: 2F
0-2: Ball
Manolo Román is caught stealing 2nd base
1-2: Ball
2-2: DOUBLE (Line Drive, 8RXD)
Lorenzo Quintanilla scores
Batting: LHB José Flores 0-0: Ball
1-0: Ball
2-0: Ball
3-0: Foul Ball, location: 2F
3-1: Foul Ball, location: 2F
3-2: Foul Ball, location: 2F
3-2: Ground out 6-3 (Groundball, 6M)
Tony Abete to third
Batting: RHB Bill Mark 0-0: Ball
1-0: Swinging Strike
1-1: Called Strike
1-2: Ball
2-2: Foul Ball, location: 2F
2-2: Strikes out swinging
Top of the 1st over - 2 run(s), 2 hit(s), 0 error(s), 1 left on base; Hendersonville 2 - Maui 0
BOTTOM OF THE 1ST
Maui Tropics batting - Pitching for Hendersonville Hitmen : RHP Samuel Émond
Pitching: RHP Samuel Émond
Batting: RHB Jeff Packard 0-0: Fly out, F9 (Flyball, 89D)
Batting: RHB Michael Woodruff 0-0: Ball
1-0: Ball
2-0: Ball
3-0: Base on Balls
Batting: RHB José Herrera 0-0: Ball
1-0: Fly out, F8 (Flyball, 89D)
Batting: LHB Luis Antonio Torres 0-0: Called Strike
0-1: Ground out 3-1 (Groundball, 34)
Bottom of the 1st over - 0 run(s), 0 hit(s), 0 error(s), 1 left on base; Hendersonville 2 - Maui 0
TOP OF THE 2ND
Hendersonville Hitmen batting - Pitching for Maui Tropics : RHP Júlio González
Batting: RHB Junior Vargas 0-0: Called Strike
0-1: SINGLE (Groundball, 4MD)
Batting: RHB Taylor McFarland 0-0: Ball
1-0: Called Strike
1-1: SINGLE (Groundball, 34D)
Junior Vargas to second
Runner from 2nd tries for 3rd, SAFE, throw made to third
Taylor McFarland to second
Batting: RHB Robert Bly 0-0: Called Strike
0-1: Ball
1-1: Ball
2-1: SINGLE (Flyball, 9S)
Junior Vargas scores
Taylor McFarland to third
Batting: RHB Eduardo García 0-0: Fly out, F1 (Popup, 15S)
Batting: LHB Lorenzo Quintanilla 0-0: Foul Ball, location: 2F
0-1: Ball
1-1: 3-RUN HOME RUN (Line Drive, 78XD), Distance : 395 ft
Batting: RHB Manolo Román 0-0: Ball
1-0: Foul Ball, location: 2F
1-1: Swinging Strike
1-2: SINGLE (Line Drive, 7S)
Batting: LHB Tony Abete 0-0: Swinging Strike
0-1: Ball
1-1: Swinging Strike
1-2: Foul Ball, location: 2F
1-2: Strikes out swinging
Batting: LHB José Flores 0-0: Ball
1-0: Foul Ball, location: 2F
1-1: Called Strike
1-2: Strikes out swinging
Top of the 2nd over - 4 run(s), 5 hit(s), 0 error(s), 1 left on base; Hendersonville 6 - Maui 0
BOTTOM OF THE 2ND
Maui Tropics batting - Pitching for Hendersonville Hitmen : RHP Samuel Émond
Batting: LHB Anacleto Morillo 0-0: SOLO HOME RUN (Flyball, 9D), Distance : 364 ft
Batting: RHB José Rodríguez 0-0: Ball
1-0: Swinging Strike
1-1: Ball
2-1: Swinging Strike
2-2: Foul Ball, location: 2F
2-2: Foul Ball, location: 2F
2-2: Ball
3-2: Strikes out swinging
Batting: RHB Eugene Gill 0-0: Ball
1-0: Foul Ball, location: 2F
1-1: Ball
2-1: Ball
3-1: Foul Ball, location: 2F
3-2: Ground out 4-3 (Groundball, 4)
Batting: RHB Matt Silver 0-0: Swinging Strike
0-1: Swinging Strike
0-2: Ground out 6-3 (Groundball, 6M)
Bottom of the 2nd over - 1 run(s), 1 hit(s), 0 error(s), 0 left on base; Hendersonville 6 - Maui 1
TOP OF THE 3RD
Hendersonville Hitmen batting - Pitching for Maui Tropics : RHP Júlio González
Batting: RHB Bill Mark 0-0: Swinging Strike
0-1: Ball
1-1: Ground out 1-3 (Groundball, 23)
Batting: RHB Junior Vargas 0-0: Ball
1-0: Fly out, F4 (Popup, 4MD)
Batting: RHB Taylor McFarland 0-0: Ball
1-0: Ground out 5-3 (Groundball, 56)
Top of the 3rd over - 0 run(s), 0 hit(s), 0 error(s), 0 left on base; Hendersonville 6 - Maui 1
BOTTOM OF THE 3RD
Maui Tropics batting - Pitching for Hendersonville Hitmen : RHP Samuel Émond
Batting: LHB Javier Espinoza 0-0: Ball
1-0: Called Strike
1-1: Called Strike
1-2: Ball
2-2: Foul Ball, location: 2F
2-2: Ground out U3 (Groundball, 3L)
Batting: RHB Jeff Packard 0-0: Ball
1-0: Ball
2-0: Ground out 4-3 (Groundball, 4S)
Batting: RHB Michael Woodruff 0-0: Ball
1-0: Ground out U3 (Groundball, 3L)
Bottom of the 3rd over - 0 run(s), 0 hit(s), 0 error(s), 0 left on base; Hendersonville 6 - Maui 1
TOP OF THE 4TH
Hendersonville Hitmen batting - Pitching for Maui Tropics : RHP Júlio González
Batting: RHB Robert Bly 0-0: Called Strike
0-1: Ball
1-1: SINGLE (Groundball, 5D)
Batting: RHB Eduardo García 0-0: Grounds into double play, 4-6-3 (Groundball, 4)
Batting: LHB Lorenzo Quintanilla 0-0: Ball
1-0: Called Strike
1-1: Ball
2-1: Ground out 6-3 (Groundball, 6M)
Top of the 4th over - 0 run(s), 1 hit(s), 0 error(s), 0 left on base; Hendersonville 6 - Maui 1
BOTTOM OF THE 4TH
Maui Tropics batting - Pitching for Hendersonville Hitmen : RHP Samuel Émond
Batting: RHB José Herrera 0-0: Called Strike
0-1: Ball
1-1: Swinging Strike
1-2: Ground out 1-3 (Groundball, 13S)
Batting: LHB Luis Antonio Torres 0-0: Ball
1-0: Ball
2-0: Swinging Strike
2-1: Ground out 1-3 (Groundball, 23)
Batting: LHB Anacleto Morillo 0-0: Ball
1-0: Ball
2-0: Ball
3-0: Called Strike
3-1: Called Strike
3-2: Foul Ball, location: 2F
3-2: Base on Balls
Batting: RHB José Rodríguez 0-0: Ball
1-0: Fly out, F9 (Flyball, 9D)
Bottom of the 4th over - 0 run(s), 0 hit(s), 0 error(s), 1 left on base; Hendersonville 6 - Maui 1
TOP OF THE 5TH
Hendersonville Hitmen batting - Pitching for Maui Tropics : RHP Júlio González
Batting: RHB Manolo Román 0-0: Ball
1-0: Ball
2-0: Foul Ball, location: 2F
2-1: Foul Ball, location: 2F
2-2: Strikes out swinging
Batting: LHB Tony Abete 0-0: Foul Ball, location: 2F
0-1: Foul Ball, location: 2F
0-2: Strikes out swinging
Batting: LHB José Flores 0-0: Swinging Strike
0-1: Ball
1-1: Foul Ball, location: 2F
1-2: Ball
2-2: Foul Ball, location: 2F
2-2: Strikes out swinging
Top of the 5th over - 0 run(s), 0 hit(s), 0 error(s), 0 left on base; Hendersonville 6 - Maui 1
BOTTOM OF THE 5TH
Maui Tropics batting - Pitching for Hendersonville Hitmen : RHP Samuel Émond
Batting: RHB Eugene Gill 0-0: Ball
1-0: Ball
2-0: Foul Ball, location: 2F
2-1: SOLO HOME RUN (Flyball, 9LD), Distance : 335 ft
Batting: RHB Matt Silver 0-0: Called Strike
0-1: SINGLE (Groundball, 56D)
Batting: LHB Javier Espinoza 0-0: Called Strike
0-1: Foul Ball, location: 2F
0-2: Strikes out swinging
Batting: RHB Jeff Packard 0-0: Ball
1-0: SINGLE (Groundball, 34D)
Matt Silver to second
Runner from 2nd tries for 3rd, SAFE, no throw or cutoff
Batting: RHB Michael Woodruff 0-0: Called Strike
0-1: Ball
1-1: Swinging Strike
1-2: Grounds into double play, 6-4-3 (Groundball, 6)
Bottom of the 5th over - 1 run(s), 3 hit(s), 0 error(s), 1 left on base; Hendersonville 6 - Maui 2
TOP OF THE 6TH
Hendersonville Hitmen batting - Pitching for Maui Tropics : RHP Júlio González
Batting: RHB Bill Mark 0-0: Ball
1-0: Ball
2-0: Ball
3-0: Base on Balls
Batting: RHB Junior Vargas 0-0: Foul Ball, location: 2F
0-1: Ball
Wild Pitch!
Bill Mark to second
1-1: Ball
2-1: Ground out 4-3 (Groundball, 4M)
Bill Mark to third
Batting: RHB Taylor McFarland 0-0: Intentional Walk
Batting: RHB Robert Bly 0-0: Foul Ball, location: 2F
0-1: Swinging Strike
0-2: Grounds into double play, 4-6-3 (Groundball, 34)
Top of the 6th over - 0 run(s), 0 hit(s), 0 error(s), 1 left on base; Hendersonville 6 - Maui 2
BOTTOM OF THE 6TH
Maui Tropics batting - Pitching for Hendersonville Hitmen : RHP Samuel Émond
Batting: RHB José Herrera 0-0: Foul Ball, location: 2F
0-1: Foul Ball, location: 2F
0-2: Ground out 5-3 (Groundball, 56)
Batting: LHB Luis Antonio Torres 0-0: Fly out, F7 (Flyball, 7M)
Batting: LHB Anacleto Morillo 0-0: Called Strike
0-1: Fly out, F8 (Flyball, 8LM)
Bottom of the 6th over - 0 run(s), 0 hit(s), 0 error(s), 0 left on base; Hendersonville 6 - Maui 2
TOP OF THE 7TH
Hendersonville Hitmen batting - Pitching for Maui Tropics : RHP Júlio González
Pitching: RHP Brandon Mitchell
Batting: RHB Eduardo García 0-0: Called Strike
0-1: Foul Ball, location: 2F
0-2: Strikes out swinging
Batting: LHB Lorenzo Quintanilla 0-0: Ball
1-0: Swinging Strike
1-1: Ball
2-1: Foul Ball, location: 2F
2-2: Ball
3-2: Fly out, F8 (Flyball, 8LXD)
Batting: RHB Manolo Román 0-0: Ball
1-0: Foul Ball, location: 2F
1-1: Called Strike
1-2: Fly out, F9 (Popup, 4D)
Top of the 7th over - 0 run(s), 0 hit(s), 0 error(s), 0 left on base; Hendersonville 6 - Maui 2
BOTTOM OF THE 7TH
Maui Tropics batting - Pitching for Hendersonville Hitmen : RHP Samuel Émond
Batting: RHB José Rodríguez 0-0: Called Strike
0-1: Ground out 1-3 (Groundball, 15S)
Batting: RHB Eugene Gill 0-0: SINGLE (Line Drive, 6MD)
Batting: RHB Matt Silver 0-0: Ball
1-0: Foul Ball, location: 2F
1-1: Ball
2-1: Fielders Choice at 2nd, 5-4 (Groundball, 5L)
Batting: LHB Javier Espinoza 0-0: Called Strike
Matt Silver steals 2nd base
0-1: Fly out, F7 (Popup, 6D)
Bottom of the 7th over - 0 run(s), 1 hit(s), 0 error(s), 1 left on base; Hendersonville 6 - Maui 2
TOP OF THE 8TH
Hendersonville Hitmen batting - Pitching for Maui Tropics : RHP Brandon Mitchell
Batting: LHB Tony Abete 0-0: Called Strike
0-1: Fly out, F4 (Popup, 4M)
Batting: LHB José Flores 0-0: Foul Ball, location: 2F
0-1: SINGLE (Groundball, 34D)
Batting: RHB Bill Mark 0-0: Called Strike
0-1: Fly out, F9 (Flyball, 89M)
Batting: RHB Junior Vargas 0-0: Swinging Strike
0-1: Swinging Strike
0-2: Ball
1-2: Strikes out looking
Top of the 8th over - 0 run(s), 1 hit(s), 0 error(s), 1 left on base; Hendersonville 6 - Maui 2
BOTTOM OF THE 8TH
Maui Tropics batting - Pitching for Hendersonville Hitmen : RHP Samuel Émond
Pitching: RHP Robinson Gonzáles
Batting: RHB Jeff Packard 0-0: Ball
1-0: Ball
2-0: Ground out 5-3 (Groundball, 56)
Batting: RHB Michael Woodruff 0-0: Called Strike
0-1: Ball
1-1: Ball
2-1: Foul Ball, location: 2F
2-2: Fly out, F3 (Popup, 4MS)
Batting: RHB José Herrera 0-0: Ball
1-0: SINGLE (Groundball, 56D)
Batting: LHB Luis Antonio Torres 0-0: Ball
1-0: Ball
2-0: Ball
3-0: Called Strike
3-1: SINGLE (Groundball, 56D)
José Herrera to second
Batting: LHB Anacleto Morillo 0-0: Ball
1-0: Foul Ball, location: 2F
1-1: Called Strike
1-2: Foul Ball, location: 2F
1-2: Ball
2-2: Foul Ball, location: 2F
2-2: Fielders Choice at 2nd, U6 (Groundball, 6M)
Bottom of the 8th over - 0 run(s), 2 hit(s), 0 error(s), 2 left on base; Hendersonville 6 - Maui 2
TOP OF THE 9TH
Hendersonville Hitmen batting - Pitching for Maui Tropics : RHP Brandon Mitchell
Batting: RHB Taylor McFarland 0-0: Ball
1-0: Ball
2-0: Called Strike
2-1: Foul Ball, location: 2F
2-2: Strikes out looking
Batting: RHB Robert Bly 0-0: Ball
1-0: SINGLE (Groundball, 5L)
Batting: RHB Eduardo García 0-0: Called Strike
0-1: Swinging Strike
0-2: Ball
1-2: SINGLE (Line Drive, 9LS)
Robert Bly to second
Runner from 2nd tries for 3rd, OUT!
Eduardo García to second
Batting: LHB Lorenzo Quintanilla 0-0: Ball
1-0: Ball
2-0: Ground out U3 (Groundball, 3)
Top of the 9th over - 0 run(s), 2 hit(s), 0 error(s), 1 left on base; Hendersonville 6 - Maui 2
BOTTOM OF THE 9TH
Maui Tropics batting - Pitching for Hendersonville Hitmen : RHP Robinson Gonzáles
Batting: RHB José Rodríguez 0-0: SINGLE (Line Drive, 89M)
Batting: RHB Eugene Gill 0-0: Called Strike
0-1: Ball
1-1: Called Strike
1-2: Ball
2-2: Fielders Choice at 2nd, 4-6 (Groundball, 34)
Batting: RHB Matt Silver 0-0: Foul Ball, location: 2F
0-1: Ball
1-1: Grounds into double play, 6-4-3 (Groundball, 6)
Bottom of the 9th over - 0 run(s), 1 hit(s), 0 error(s), 0 left on base; Hendersonville 6 - Maui 2
Monday, December 5th, 2016 - OOTP Baseball 17.12 Build 75